 Dungeon Crawl Stone Soup version 0.28-a0-1182-g381e24db82 (webtiles) character file.

Game seed: 804958016451047280

102 Lavandula the Changer (level 5, -5/37 HPs)
             Began as a Formicid Transmuter on Dec 17, 2021.
             Killed by nerve-wracking pain
             ... invoked by an orc priest
              (7 damage)
             ... on level 3 of the Dungeon.
             The game lasted 00:03:42 (2130 turns).

Lavandula the Changer (Formicid Transmuter)         Turns: 2130, Time: 00:03:42

Health: -5/37      AC:  2    Str: 14    XL:     5   Next: 6%
Magic:  5/8        EV: 19    Int: 15    God:
Gold:   49         SH:  0    Dex: 16    Spells: 2/8 levels left

rFire   . . .      SeeInvis .     - Unarmed
rCold   . . .      Faith    .   (shield currently unavailable)
rNeg    . . .      Spirit   .   (armour currently unavailable)
rPois   x          Reflect  .   (helmet unavailable)
rElec   .          Harm     .   (cloak currently unavailable)
rCorr   .          Rampage  .   (gloves currently unavailable)
Will    .....                   (boots currently unavailable)
Stlth   +.........              c - amulet of regeneration
HPRegen 0.92/turn               (no ring)
MPRegen 0.11/turn               (no ring)

@: spider-form
A: venomous fangs, permanent stasis, dig shafts and tunnels, tiny, (antennae 3),
four strong arms
a: End Transformation


You were on level 3 of the Dungeon.
You were a venomous arachnid creature.
You visited 1 branch of the dungeon, and saw 3 of its levels.

You collected 49 gold pieces.

Inventory:

Hand Weapons
 i - a +1 quarterstaff of holy wrath
Missiles
 d - 19 poisoned darts
Armour
 a - a +0 robe (melded)
 b - a +0 pair of gloves (melded)
Jewellery
 c - an amulet of regeneration (around neck)
Scrolls
 e - 2 scrolls of identify {unknown}
 f - a scroll of torment {unknown}
 j - a scroll of blinking {unknown}
Potions
 g - a potion of curing {unknown}
 h - a potion of lignification {unknown}


   Skills:
 - Level 1.1 Fighting
 - Level 1.7 Dodging
 + Level 3.0 Unarmed Combat
 - Level 2.1 Spellcasting
 - Level 4.6 Transmutations
 - Level 2.7 Poison Magic


You had 2 spell levels left.
You knew the following spells:

 Your Spells              Type           Power      Damage    Failure   Level
a - Beastly Appendage     Tmut           30%        N/A       11%         1
b - Wereblood             Tmut           15%        N/A       14%         2
c - Spider Form           Tmut/Pois      12%        N/A       32%         3

Your spell library contained the following spells:

 Spells                   Type           Power      Damage    Failure   Level
 Ice Form                 Ice/Tmut       8%         N/A       82%         4


Dungeon Overview and Level Annotations

Branches:
Dungeon (3/15)

Altars:
Qazlal

Shops:
D:2 (

Annotations:
D:2 exclusion: scorpion


Innate Abilities, Weirdness & Mutations

You are a venomous arachnid creature.
You have poisonous fangs.
You are tiny and dextrous.
Your spellcasting is less reliable in this form.
Your armour is entirely melded.
You are incapable of wielding weapons or throwing items.
You cannot be hasted, slowed, berserked, paralysed or teleported.
You can dig through walls and to a lower floor.
((You have a pair of large antennae on your head. (SInv)))
Your four strong arms can wield two-handed weapons with a shield.


Message History

Your +0 robe unmelds from your body.
Magic restored.
A bat comes into view.
A bat is nearby!
A bat is nearby!
A bat is nearby!
An orc priest comes into view. It is wielding a +0 hand axe.
The orc priest shouts!
You hear a shout!
An orc comes into view. It is wielding a +0 hand axe.
A hobgoblin and an orc wizard come into view.
The orc wizard is wielding a +2 dagger of protection.
Found a shiny iron ring.
Found a stormy altar of Qazlal.
The orc wizard shouts!
The hobgoblin shouts!
The bat barely misses you.
The hobgoblin moves out of view.
Casting: Spider Form (quite dangerous; 14% risk of failure)
Confirm with . or Enter, or press ? or * to list all spells.
The spell is quite dangerous to miscast (14% risk of failure)!
Continue anyway?
You turn into a venomous arachnid creature.
Your +0 pair of gloves melds into your body.
Your +0 robe melds into your body.
The bat barely misses you.
A hobgoblin comes into view.
The hobgoblin shouts!
You hit the bat.
The bat is poisoned.
The bat is moderately wounded.
You kill the bat!
Unknown command.
You hit the orc priest.
The orc priest is poisoned.
The orc priest is moderately wounded.
The orc priest invokes the aid of Beogh against you.
Beogh smites you!
Unknown command.
The orc priest invokes the aid of Beogh against you.
Beogh smites you!
* * * LOW HITPOINT WARNING * * *
The orc wizard points at you and mumbles some strange words.
The puff of flame hits you!
* * * LOW HITPOINT WARNING * * *
The orc priest mumbles some strange prayers to Beogh against you.
Pain shoots through your body!
You die...

...§.........
............
#.=...#... $.
#..#..#oo# .#
.....go..# .#
#..##.#.# .#
#....?g.###.#
....##.......#
. #...s..####
#.#<...†..#
#......####
............#
####......#.#
#.#....#...
#..<...# .##
####.#.# ##
.....


You could see an orc priest (very poisoned), an orc wizard and 2 hobgoblins.

Vanquished Creatures
  3 adders (D:2)
  A worm (D:2)
  A dart slug (D:1)
  3 ball pythons
  7 bats
  6 endoplasms
  2 goblins (D:2)
  6 hobgoblins
  4 jackals (D:2)
  6 kobolds
  5 quokkas
  5 frilled lizards
  23 rats
72 creatures vanquished.

Notes
Turn   | Place    | Note
-------+----------+-------------------------------------------
     0 | D:1      | Lavandula the Formicid Transmuter began the quest for the
                  | Orb.
     0 | D:1      | Reached XP level 1. HP: 15/15 MP: 3/3
   160 | D:1      | Reached XP level 2. HP: 21/21 MP: 3/5
   190 | D:1      | Reached skill level 3 in Transmutations
   315 | D:1      | Learned a level 2 spell: Wereblood
   559 | D:1      | Reached XP level 3. HP: 26/26 MP: 4/6
   861 | D:2      | Noticed a scorpion
   955 | D:2      | Reached skill level 4 in Transmutations
  1070 | D:2      | Reached XP level 4. HP: 31/32 MP: 3/7
  1105 | D:2      | Learned a level 3 spell: Spider Form
  1187 | D:2      | Found Vacitzef's Weapon Shoppe.
  1315 | D:2      | Reached skill level 1 in Poison Magic
  1989 | D:2      | Reached XP level 5. HP: 37/37 MP: 4/8
  2123 | D:3      | Found a stormy altar of Qazlal.
  2130 | D:3      | Killed from afar by an orc priest

Illustrated notes

Levels and vault maps discovered:
D:1:      mrwooster_arrival_arrow, layout_loops_ring
D:2:      kb_forest_paths, layout_loops_corners,
          shapermc_ecumenical_altar_petra, serial_shops, nicolae_shop_trees,
          st_stairs_14, grunt_ministairs_15, chequers_serial_rivers_micro_a,
          minmay_rat_hole
D:3:      minmay_evil_eye, layout_loops_cross, nicolae_qazlal_scattered_showers,
          minmay_crystal_water, lemuel_old_faithful, uniq_terence

Skill      XL: |  1  2  3  4 |
---------------+-------------+-----
Transmutations | 3 4 |  4.6
Poison Magic   | 2 |  2.7
Fighting       | |  1.1
Dodging        | |  1.7
Unarmed Combat | |  3.0
Spellcasting   | |  2.1

Action                   |  1- 3 |  4- 6 || total
-------------------------+-------+-------++-------
Melee: Unarmed           |   111 |    72 ||   183
       Kick              |    19 |     1 ||    20
       Punch             |     1 |       ||     1
 Cast: Beastly Appendage |    18 |     4 ||    22
       Wereblood         |     1 |     2 ||     3
       Spider Form       |       |     8 ||     8
 Stab: Sleeping          |       |     1 ||     1
Armor: Robe              |    26 |     6 ||    32
       Skin              |       |     4 ||     4
Dodge: Dodged            |    75 |    39 ||   114

Table legend: (Time is in decaauts)
 A = Elapsed time spent in this place.
 B = Non-inter-level travel time spent in this place.
 C = Inter-level travel time spent in this place.
 D = Time resting spent in this place.
 E = Time spent auto-exploring this place.
 F = Levels seen in this place.
 G = Mean time per level.
                   A        B        C        D        E       F      G
               +--------+--------+--------+--------+--------+-----+--------+
         Total |   2119 |   2020 |     99 |      5 |   1535 |   3 |  706.3 |
       Dungeon |   2119 |   2020 |     99 |      5 |   1535 |   3 |  706.3 |
               +--------+--------+--------+--------+--------+-----+--------+

Top non-repeatable levels by time:
     D:2: 1175 daAuts
     D:1: 904 daAuts
     D:3: 39 daAuts
